PL
NEW ORLEANS VOODOO @ BOSTON PATRIOTS
08/10/2038
 
TOP OF THE 1ST
New Orleans Voodoo batting - Pitching for Boston Patriots : RHP Elton Coalan
Pitching: RHP Elton Coalan
Batting: LHB Alexis Raimbault 0-0: Ball
1-0: Foul Ball, location: 2F
1-1: Foul Ball, location: 2F
1-2: Ground out 4-3 (Groundball, 34, EV 84.4 MPH)
Batting: RHB Tae-cho Han 0-0: Foul Ball, location: 2F
0-1: Called Strike
0-2: Ball
1-2: SINGLE (Groundball, 6D, EV 103.1 MPH)
Batting: LHB Jorge Alejándrez 0-0: Ball
1-0: Called Strike
1-1: Foul Ball, location: 2F
1-2: SINGLE (Groundball, 34D, EV 94.4 MPH)
Tae-cho Han to second
Runner from 2nd tries for 3rd, OUT! 9-5
Batting: RHB Colm Goodwill 0-0: Called Strike
0-1: Ball
1-1: Called Strike
1-2: Fly out, F8 (Flyball, 8RM, EV 87.5 MPH)
Top of the 1st over - 0 runs, 2 hits, 0 errors, 1 left on base; New Orleans 0 - Boston 0
BOTTOM OF THE 1ST
Boston Patriots batting - Pitching for New Orleans Voodoo : LHP Ralph Greer
Pitching: LHP Ralph Greer
Batting: RHB Yu-shu Kang 0-0: Ball
1-0: Swinging Strike
1-1: Ball
2-1: Ball
3-1: Called Strike
3-2: Foul Ball, location: 2F
3-2: Strikes out swinging
Batting: SHB Jason Graham 0-0: Ball
1-0: Ground out 6-3 (Groundball, 6, EV 86.9 MPH)
Batting: RHB Tyler Bowen 0-0: Ball
1-0: Foul Ball, location: 2F
1-1: Called Strike
1-2: Foul Ball, location: 2F
1-2: Ball
2-2: Strikes out swinging
Bottom of the 1st over - 0 runs, 0 hits, 0 errors, 0 left on base; New Orleans 0 - Boston 0
TOP OF THE 2ND
New Orleans Voodoo batting - Pitching for Boston Patriots : RHP Elton Coalan
Batting: LHB Weston Doyle 0-0: Called Strike
0-1: Ball
1-1: Foul Ball, location: 2F
1-2: Ground out 4-3 (Groundball, 4, EV 78.1 MPH)
Batting: RHB Petri Kallio 0-0: Called Strike
0-1: Ball
1-1: Swinging Strike
1-2: Strikes out swinging
Batting: RHB Hyeon-cheong Kim 0-0: Ball
1-0: Called Strike
1-1: Called Strike
1-2: Ball
2-2: Strikes out swinging
Top of the 2nd over - 0 runs, 0 hits, 0 errors, 0 left on base; New Orleans 0 - Boston 0
BOTTOM OF THE 2ND
Boston Patriots batting - Pitching for New Orleans Voodoo : LHP Ralph Greer
Batting: RHB Wilbur Davis 0-0: Ball
1-0: Called Strike
1-1: Swinging Strike
1-2: Hit by Pitch
Batting: RHB Dave Broom 0-0: Called Strike
0-1: Ball
1-1: DOUBLE (Line Drive, 89D, EV 113.1 MPH)
Wilbur Davis to third
Runner from 3rd tries for Home, SAFE, no throw by RF
Batting: RHB Alfredo Araújo 0-0: Ground out 4-3 (Groundball, 4, EV 76.9 MPH)
Dave Broom to third
Batting: RHB Frank Ray 0-0: Called Strike
0-1: Foul Ball, location: 2F
0-2: Foul Ball, location: 2F
0-2: Ball
1-2: Foul Ball, location: 2F
1-2: Strikes out swinging
Batting: RHB Ryoichi Yoshida 0-0: Called Strike
0-1: Ball
1-1: Ball
2-1: Swinging Strike
2-2: Strikes out swinging, 2-3 out at first.
Bottom of the 2nd over - 1 run, 1 hit, 0 errors, 1 left on base; New Orleans 0 - Boston 1
TOP OF THE 3RD
New Orleans Voodoo batting - Pitching for Boston Patriots : RHP Elton Coalan
Batting: RHB Tim Burney 0-0: Called Strike
0-1: Foul Ball, location: 2F
0-2: Strikes out swinging
Batting: RHB John Clark 0-0: Called Strike
0-1: Ball
1-1: Ball
2-1: Foul Ball, location: 2F
2-2: Ground out 5-3 (Groundball, 56, EV 95.0 MPH)
Batting: LHB Alexis Raimbault 0-0: Ball
1-0: Foul Ball, location: 2F
1-1: Foul Ball, location: 2F
1-2: Ball
2-2: Foul Ball, location: 2F
2-2: Strikes out swinging
Top of the 3rd over - 0 runs, 0 hits, 0 errors, 0 left on base; New Orleans 0 - Boston 1
BOTTOM OF THE 3RD
Boston Patriots batting - Pitching for New Orleans Voodoo : LHP Ralph Greer
Batting: LHB Juan Alvarado 0-0: Ball
1-0: Ball
2-0: Called Strike
2-1: Foul Ball, location: 2F
2-2: Foul Ball, location: 2F
2-2: Strikes out looking
Batting: RHB Yu-shu Kang 0-0: Ball
1-0: Swinging Strike
1-1: Ball
2-1: Foul Ball, location: 2F
2-2: Foul Ball, location: 2F
2-2: Foul Ball, location: 2F
2-2: Ground out 6-3 (Groundball, 6, EV 88.1 MPH)
Batting: SHB Jason Graham 0-0: Ball
1-0: Ball
2-0: Ball
3-0: Base on Balls
Batting: RHB Tyler Bowen 0-0: Called Strike
Jason Graham steals 2nd base
0-1: Called Strike
0-2: Ball
1-2: Fly out, F9 (Flyball, 9, EV 91.9 MPH)
Bottom of the 3rd over - 0 runs, 0 hits, 0 errors, 1 left on base; New Orleans 0 - Boston 1
TOP OF THE 4TH
New Orleans Voodoo batting - Pitching for Boston Patriots : RHP Elton Coalan
Batting: RHB Tae-cho Han 0-0: Ball
1-0: SOLO HOME RUN (Flyball, 78XD, EV 103.1 MPH), Distance : 411 ft
Batting: LHB Jorge Alejándrez 0-0: Ball
1-0: Ball
2-0: Foul Ball, location: 2F
2-1: Ground out 4-3 (Groundball, 4, EV 81.2 MPH)
Batting: RHB Colm Goodwill 0-0: Ball
1-0: Called Strike
1-1: Called Strike
1-2: Foul Ball, location: 2F
1-2: Ball
2-2: Reached on error, E6 (Groundball, 6S, EV 92.5 MPH)
Batting: LHB Weston Doyle 0-0: Swinging Strike
0-1: Ball
1-1: Ball
2-1: Called Strike
2-2: Strikes out swinging
Batting: RHB Petri Kallio 0-0: Called Strike
0-1: Foul Ball, location: 2F
0-2: Ball
Colm Goodwill steals 2nd base
1-2: Ground out 6-3 (Groundball, 6, EV 105.6 MPH)
Top of the 4th over - 1 run, 1 hit, 1 error, 1 left on base; New Orleans 1 - Boston 1
BOTTOM OF THE 4TH
Boston Patriots batting - Pitching for New Orleans Voodoo : LHP Ralph Greer
Batting: RHB Wilbur Davis 0-0: Foul Ball, location: 2F
0-1: Ball
1-1: Ball
2-1: Fly out, F6 (Line Drive, 6, EV 68.8 MPH)
Batting: RHB Dave Broom 0-0: Ball
1-0: Ball
2-0: Called Strike
2-1: Ball
3-1: SINGLE (Groundball, 6S, EV 61.9 MPH) (infield hit)
Batting: RHB Alfredo Araújo 0-0: Called Strike
0-1: Ball
1-1: Ball
2-1: Foul Ball, location: 2F
2-2: Grounds into double play, 6-4-3 (Groundball, 6, EV 80.0 MPH)
Bottom of the 4th over - 0 runs, 1 hit, 0 errors, 0 left on base; New Orleans 1 - Boston 1
TOP OF THE 5TH
New Orleans Voodoo batting - Pitching for Boston Patriots : RHP Elton Coalan
Batting: RHB Hyeon-cheong Kim 0-0: Ball
1-0: Called Strike
1-1: Ball
2-1: Called Strike
2-2: Ground out 1-3 (Groundball, 34S, EV 85.6 MPH)
Batting: RHB Tim Burney 0-0: Called Strike
0-1: SINGLE (Groundball, 56D, EV 100.6 MPH)
Batting: RHB John Clark 0-0: Ball
1-0: Ball
2-0: Fly out, F9 (Line Drive, 9, EV 98.8 MPH)
Batting: LHB Alexis Raimbault 0-0: Foul Ball, location: 2F
0-1: Ball
Wild Pitch!
Tim Burney to second
1-1: Foul Ball, location: 2F
1-2: Ball
2-2: Strikes out swinging
Top of the 5th over - 0 runs, 1 hit, 0 errors, 1 left on base; New Orleans 1 - Boston 1
BOTTOM OF THE 5TH
Boston Patriots batting - Pitching for New Orleans Voodoo : LHP Ralph Greer
Batting: RHB Frank Ray 0-0: Called Strike
0-1: Ground out 5-3 (Groundball, 5S, EV 65.6 MPH)
Batting: RHB Ryoichi Yoshida 0-0: Swinging Strike
0-1: Called Strike
0-2: Ball
1-2: Fly out, F4 (Flyball, 34D, EV 86.2 MPH)
Batting: LHB Juan Alvarado 0-0: Ball
1-0: Ground out U3 (Groundball, 3L, EV 76.2 MPH)
Bottom of the 5th over - 0 runs, 0 hits, 0 errors, 0 left on base; New Orleans 1 - Boston 1
TOP OF THE 6TH
New Orleans Voodoo batting - Pitching for Boston Patriots : RHP Elton Coalan
Batting: RHB Tae-cho Han 0-0: Ball
1-0: Called Strike
1-1: Ground out 3-1 (Groundball, 34, EV 100.0 MPH)
Batting: LHB Jorge Alejándrez 0-0: Ball
1-0: Ball
2-0: Ball
3-0: Called Strike
3-1: Fly out, F7 (Line Drive, 7, EV 101.9 MPH)
Batting: RHB Colm Goodwill 0-0: Ball
1-0: Foul Ball, location: 2F
1-1: Swinging Strike
1-2: Fly out, F6 (Line Drive, 6, EV 66.9 MPH)
Top of the 6th over - 0 runs, 0 hits, 0 errors, 0 left on base; New Orleans 1 - Boston 1
BOTTOM OF THE 6TH
Boston Patriots batting - Pitching for New Orleans Voodoo : LHP Ralph Greer
Batting: RHB Yu-shu Kang 0-0: Ball
1-0: Ball
2-0: Called Strike
2-1: Foul Ball, location: 2F
2-2: Strikes out swinging
Batting: SHB Jason Graham 0-0: Ball
1-0: Called Strike
1-1: Foul Ball, location: 2F
1-2: Ground out 5-3 (Groundball, 56, EV 100.6 MPH)
Batting: RHB Tyler Bowen 0-0: Ball
1-0: Ball
2-0: Foul Ball, location: 2F
2-1: Foul Ball, location: 2F
2-2: Strikes out swinging
Bottom of the 6th over - 0 runs, 0 hits, 0 errors, 0 left on base; New Orleans 1 - Boston 1
TOP OF THE 7TH
New Orleans Voodoo batting - Pitching for Boston Patriots : RHP Elton Coalan
Pitching: LHP Jorge Gil
Batting: LHB Weston Doyle 0-0: Ball
1-0: Called Strike
1-1: Swinging Strike
1-2: Ball
2-2: Fly out, F3 (Line Drive, 3, EV 69.4 MPH)
Batting: RHB Petri Kallio 0-0: Ball
1-0: Called Strike
1-1: Foul Ball, location: 2F
1-2: Ground out 1-3 (Groundball, 13, EV 84.4 MPH)
Batting: RHB Hyeon-cheong Kim 0-0: Foul Ball, location: 2F
0-1: Ball
1-1: Ball
2-1: Foul Ball, location: 2F
2-2: Ball
3-2: Foul Ball, location: 2F
3-2: Ground out 5-3 (Groundball, 56S, EV 94.4 MPH)
Top of the 7th over - 0 runs, 0 hits, 0 errors, 0 left on base; New Orleans 1 - Boston 1
BOTTOM OF THE 7TH
Boston Patriots batting - Pitching for New Orleans Voodoo : LHP Ralph Greer
Batting: RHB Wilbur Davis 0-0: Ball
1-0: Called Strike
1-1: Ball
2-1: Ball
3-1: Foul Ball, location: 2F
3-2: Strikes out looking
Batting: RHB Dave Broom 0-0: Called Strike
0-1: Foul Ball, location: 2F
0-2: Foul Ball, location: 2F
0-2: Ball
1-2: Foul Ball, location: 2F
1-2: Ball
2-2: Fly out, F8 (Flyball, 78S, EV 87.5 MPH)
Batting: RHB Alfredo Araújo 0-0: Ball
1-0: Foul Ball, location: 2F
1-1: Ball
2-1: Swinging Strike
2-2: Ball
3-2: Foul Ball, location: 2F
3-2: DOUBLE (Line Drive, 7LM, EV 105.6 MPH)
Pitching: RHP Jorge Villanueva
Batting: RHB Frank Ray 0-0: Ball
1-0: Foul Ball, location: 2F
1-1: Ball
2-1: Ball
3-1: Called Strike
3-2: SINGLE (Flyball, 8RS, EV 90.0 MPH)
Alfredo Araújo to third
Alfredo Araújo scores
Batting: RHB Ryoichi Yoshida 0-0: Ball
1-0: Ball
2-0: Called Strike
2-1: Foul Ball, location: 2F
2-2: Ground out 5-3 (Groundball, 56S, EV 70.6 MPH)
Bottom of the 7th over - 1 run, 2 hits, 0 errors, 1 left on base; New Orleans 1 - Boston 2
TOP OF THE 8TH
New Orleans Voodoo batting - Pitching for Boston Patriots : LHP Jorge Gil
Batting: RHB Tim Burney 0-0: Ball
1-0: Ball
2-0: Ball
3-0: Called Strike
3-1: Called Strike
3-2: Base on Balls
Pitching: RHP Tae-ho Ch'oe
Batting: RHB John Clark 0-0: Called Strike
0-1: Foul Ball, location: 2F
0-2: Ball
1-2: Ball
2-2: Ball
3-2: SINGLE (Line Drive, 4M, EV 102.5 MPH)
Tim Burney to second
Batting: LHB Alexis Raimbault 0-0: Ball
1-0: Ball
2-0: Called Strike
2-1: Ball
3-1: Swinging Strike
3-2: Base on Balls
Tim Burney to third
John Clark to second
Batting: RHB Tae-cho Han 0-0: Called Strike
0-1: Called Strike
0-2: Foul Ball, location: 2F
0-2: Foul Ball, location: 2F
0-2: Foul Ball, location: 2F
0-2: Ball
1-2: Foul Ball, location: 2F
1-2: Ball
2-2: Ball
3-2: Foul Ball, location: 2F
3-2: Fly out, F9 (Flyball, 9S, EV 84.4 MPH)
Pitching: LHP Leo Ingelbrigtsen
Batting: LHB Jorge Alejándrez 0-0: Ball
1-0: Swinging Strike
1-1: Fly out, F8 (Line Drive, 8RD, EV 96.9 MPH)
Runner from 3rd tags up, SCORES, throw by CF
John Clark to third
Batting: RHB Colm Goodwill 0-0: Ball
1-0: Ground out 1-3 (Groundball, 15, EV 60.0 MPH)
Top of the 8th over - 1 run, 1 hit, 0 errors, 2 left on base; New Orleans 2 - Boston 2
BOTTOM OF THE 8TH
Boston Patriots batting - Pitching for New Orleans Voodoo : RHP Jorge Villanueva
Batting: LHB Juan Alvarado 0-0: Called Strike
0-1: Fly out, F9 (Flyball, 9S, EV 94.4 MPH)
Batting: RHB Yu-shu Kang 0-0: Fly out, F8 (Flyball, 8RXD, EV 90.0 MPH)
Batting: SHB Jason Graham 0-0: Ball
1-0: Called Strike
1-1: Called Strike
1-2: SINGLE (Line Drive, 3D, EV 106.9 MPH)
Batting: RHB Tyler Bowen 0-0: Ball
Jason Graham steals 2nd base
1-0: Ball
2-0: Ball
3-0: Called Strike
3-1: Swinging Strike
3-2: Foul Ball, location: 2F
3-2: Foul Ball, location: 2F
3-2: Foul Ball, location: 2F
3-2: Strikes out swinging
Bottom of the 8th over - 0 runs, 1 hit, 0 errors, 1 left on base; New Orleans 2 - Boston 2
TOP OF THE 9TH
New Orleans Voodoo batting - Pitching for Boston Patriots : LHP Leo Ingelbrigtsen
Pinch Hitting: RHB Shimei Miura 0-0: Ball
1-0: Swinging Strike
1-1: Ball
2-1: Called Strike
2-2: Foul Ball, location: 2F
2-2: Foul Ball, location: 2F
2-2: Strikes out swinging
Batting: RHB Petri Kallio 0-0: Called Strike
0-1: Called Strike
0-2: Foul Ball, location: 2F
0-2: Ball
1-2: Ball
2-2: Foul Ball, location: 2F
2-2: Ball
3-2: Strikes out swinging
Batting: RHB Hyeon-cheong Kim 0-0: SINGLE (Line Drive, 6D, EV 105.0 MPH)
Batting: RHB Tim Burney 0-0: SINGLE (Line Drive, 4M, EV 100.0 MPH)
Hyeon-cheong Kim to second
Pinch Runner at 2nd Ramón Garmendia:
Batting: RHB John Clark 0-0: Ball
1-0: Called Strike
1-1: Swinging Strike
1-2: Strikes out swinging
Top of the 9th over - 0 runs, 2 hits, 0 errors, 2 left on base; New Orleans 2 - Boston 2
BOTTOM OF THE 9TH
Boston Patriots batting - Pitching for New Orleans Voodoo : RHP Jorge Villanueva
Now at 3B: Ramón Garmendia
Now in LF: Griffin Woodfinlevine
Batting: RHB Wilbur Davis 0-0: Foul Ball, location: 2F
0-1: Called Strike
0-2: Ball
1-2: SINGLE (Flyball, 7LS, EV 96.2 MPH)
Pitching: RHP Wu-ti Xuan
Batting: RHB Dave Broom 0-0: Ball
1-0: Fly out, F7 (Flyball, 7S, EV 79.4 MPH)
Batting: RHB Alfredo Araújo 0-0: Ball
1-0: Ball
2-0: Fly out, F7 (Flyball, 7, EV 92.5 MPH)
Batting: RHB Frank Ray 0-0: Called Strike
0-1: Ball
1-1: Swinging Strike
1-2: Strikes out looking
Bottom of the 9th over - 0 runs, 1 hit, 0 errors, 1 left on base; New Orleans 2 - Boston 2
TOP OF THE 10TH
New Orleans Voodoo batting - Pitching for Boston Patriots : LHP Leo Ingelbrigtsen
Batting: LHB Alexis Raimbault 0-0: Called Strike
0-1: Ball
1-1: Ball
2-1: Ball
3-1: Called Strike
3-2: Foul Ball, location: 2F
3-2: Strikes out swinging
Pitching: RHP Jaganmani Vivek
Batting: RHB Tae-cho Han 0-0: Ball
1-0: Ball
2-0: Ball
3-0: Base on Balls
Batting: LHB Jorge Alejándrez 0-0: Called Strike
0-1: Ball
1-1: SINGLE (Line Drive, 9LS, EV 101.2 MPH)
Tae-cho Han to second
Runner from 2nd tries for 3rd, OUT! 9-5
Batting: RHB Colm Goodwill 0-0: Fly out, F8 (Line Drive, 78M, EV 95.6 MPH)
Top of the 10th over - 0 runs, 1 hit, 0 errors, 1 left on base; New Orleans 2 - Boston 2
BOTTOM OF THE 10TH
Boston Patriots batting - Pitching for New Orleans Voodoo : RHP Wu-ti Xuan
Pitching: RHP Grover Lowdermilk
Batting: RHB Ryoichi Yoshida 0-0: Ball
1-0: Called Strike
1-1: Foul Ball, location: 2F
1-2: Ground out 6-3 (Groundball, 6, EV 106.2 MPH)
Batting: LHB Juan Alvarado 0-0: Ball
1-0: Called Strike
1-1: Ball
2-1: Foul Ball, location: 2F
2-2: Strikes out swinging
Batting: RHB Yu-shu Kang 0-0: Ball
1-0: Swinging Strike
1-1: Called Strike
1-2: Ball
2-2: Foul Ball, location: 2F
2-2: Foul Ball, location: 2F
2-2: Strikes out swinging
Bottom of the 10th over - 0 runs, 0 hits, 0 errors, 0 left on base; New Orleans 2 - Boston 2
TOP OF THE 11TH
New Orleans Voodoo batting - Pitching for Boston Patriots : RHP Jaganmani Vivek
Batting: RHB Griffin Woodfinlevine 0-0: Ground out 5-3 (Groundball, 56, EV 86.2 MPH)
Batting: RHB Petri Kallio 0-0: Foul Ball, location: 2F
0-1: Ball
1-1: Ball
2-1: SINGLE (Groundball, 6MD, EV 95.6 MPH)
Batting: LHB Ramón Garmendia 0-0: Ball
1-0: Ball
2-0: Foul Ball, location: 2F
2-1: Ball
3-1: Called Strike
3-2: SINGLE (Line Drive, 78S, EV 101.9 MPH)
Petri Kallio to second
Batting: RHB Tim Burney 0-0: Grounds into double play, 6-4-3 (Groundball, 56, EV 90.0 MPH)
Top of the 11th over - 0 runs, 2 hits, 0 errors, 1 left on base; New Orleans 2 - Boston 2
BOTTOM OF THE 11TH
Boston Patriots batting - Pitching for New Orleans Voodoo : RHP Grover Lowdermilk
Batting: SHB Jason Graham 0-0: Ball
1-0: Called Strike
1-1: Ball
2-1: Foul Ball, location: 2F
2-2: Foul Ball, location: 2F
2-2: Foul Ball, location: 2F
2-2: Ground out 4-3 (Groundball, 4D, EV 79.4 MPH)
Batting: RHB Tyler Bowen 0-0: Ball
1-0: Ball
2-0: Ground out 5-3 (Groundball, 5L, EV 110.6 MPH)
Batting: RHB Wilbur Davis 0-0: Ball
1-0: Called Strike
1-1: Ball
2-1: Foul Ball, location: 2F
2-2: Ball
3-2: Strikes out looking
Bottom of the 11th over - 0 runs, 0 hits, 0 errors, 0 left on base; New Orleans 2 - Boston 2
TOP OF THE 12TH
New Orleans Voodoo batting - Pitching for Boston Patriots : RHP Jaganmani Vivek
Batting: RHB John Clark 0-0: Ball
1-0: Foul Ball, location: 2F
1-1: Ball
2-1: Foul Ball, location: 2F
2-2: Foul Ball, location: 2F
2-2: SINGLE (Groundball, 56D, EV 98.1 MPH)
Batting: LHB Alexis Raimbault 0-0: Swinging Strike
0-1: Called Strike
0-2: Foul Ball, location: 2F
0-2: Ball
1-2: Ball
2-2: Ball
3-2: Foul Ball, location: 2F
3-2: Foul Ball, location: 2F
3-2: Strikes out swinging
Batting: RHB Tae-cho Han 0-0: Called Strike
0-1: Ball
1-1: Fly out, F9 (Flyball, 9, EV 95.0 MPH)
Batting: LHB Jorge Alejándrez 0-0: Fly out, F7 (Flyball, 7LM, EV 90.0 MPH)
Top of the 12th over - 0 runs, 1 hit, 0 errors, 1 left on base; New Orleans 2 - Boston 2
BOTTOM OF THE 12TH
Boston Patriots batting - Pitching for New Orleans Voodoo : RHP Grover Lowdermilk
Pitching: RHP Gilberto Medina
Batting: RHB Dave Broom 0-0: Foul Ball, location: 2F
0-1: Foul Ball, location: 2F
0-2: Ball
1-2: Ball
2-2: Foul Ball, location: 2F
2-2: Foul Ball, location: 2F
2-2: Strikes out looking
Batting: RHB Alfredo Araújo 0-0: Ball
1-0: Called Strike
1-1: Ground out 6-3 (Groundball, 6S, EV 67.5 MPH)
Batting: RHB Frank Ray 0-0: Called Strike
0-1: Foul Ball, location: 2F
0-2: Foul Ball, location: 2F
0-2: Ground out 6-3 (Groundball, 6, EV 89.4 MPH)
Bottom of the 12th over - 0 runs, 0 hits, 0 errors, 0 left on base; New Orleans 2 - Boston 2
TOP OF THE 13TH
New Orleans Voodoo batting - Pitching for Boston Patriots : RHP Jaganmani Vivek
Batting: RHB Colm Goodwill 0-0: Ball
1-0: Ball
2-0: Called Strike
2-1: Swinging Strike
2-2: Ball
3-2: Foul Ball, location: 2F
3-2: Base on Balls
Pitching: RHP Aldo Ottens
Batting: RHB Griffin Woodfinlevine 0-0: Called Strike
0-1: Ball
1-1: Ball
2-1: Ball
3-1: Grounds into double play, 5-4-3 (Groundball, 56, EV 88.8 MPH)
Batting: RHB Petri Kallio 0-0: SINGLE (Groundball, 6MD, EV 103.1 MPH)
Batting: LHB Ramón Garmendia 0-0: Ball
1-0: Ball
Petri Kallio is caught stealing 2nd base 2-6
Top of the 13th over - 0 runs, 1 hit, 0 errors, 0 left on base; New Orleans 2 - Boston 2
BOTTOM OF THE 13TH
Boston Patriots batting - Pitching for New Orleans Voodoo : RHP Gilberto Medina
Batting: RHB Ryoichi Yoshida 0-0: Foul Ball, location: 2F
0-1: Foul Ball, location: 2F
0-2: Ground out 5-3 (Groundball, 56S, EV 85.0 MPH)
Batting: LHB Juan Alvarado 0-0: Called Strike
0-1: Foul Ball, location: 2F
0-2: Ball
1-2: Strikes out swinging
Batting: RHB Yu-shu Kang 0-0: Called Strike
0-1: Ball
1-1: Hit by Pitch
Pinch Runner at 1st Freddy Díaz:
Batting: SHB Jason Graham 0-0: Swinging Strike
0-1: Called Strike
0-2: Ball
1-2: Ball
2-2: Strikes out swinging
Bottom of the 13th over - 0 runs, 0 hits, 0 errors, 1 left on base; New Orleans 2 - Boston 2
TOP OF THE 14TH
New Orleans Voodoo batting - Pitching for Boston Patriots : RHP Aldo Ottens
Now in CF: Juan Macíel
Batting: LHB Ramón Garmendia 0-0: Ball
1-0: Called Strike
1-1: SINGLE (Flyball, 89M, EV 90.6 MPH)
Batting: RHB Tim Burney 0-0: Grounds into double play, 4-6-3 (Groundball, 4, EV 85.6 MPH)
Batting: RHB John Clark 0-0: Ball
1-0: Ball
2-0: Ball
3-0: Called Strike
3-1: Swinging Strike
3-2: Ground out 4-3 (Groundball, 4, EV 89.4 MPH)
Top of the 14th over - 0 runs, 1 hit, 0 errors, 0 left on base; New Orleans 2 - Boston 2
BOTTOM OF THE 14TH
Boston Patriots batting - Pitching for New Orleans Voodoo : RHP Gilberto Medina
Batting: RHB Tyler Bowen 0-0: Ball
1-0: Ball
2-0: Called Strike
2-1: Foul Ball, location: 2F
2-2: Ball
3-2: Fly out, F8 (Flyball, 8RM, EV 80.6 MPH)
Batting: RHB Wilbur Davis 0-0: Called Strike
0-1: Ball
1-1: Swinging Strike
1-2: Strikes out swinging
Pitching: RHP Rémi Ribeiro
Batting: RHB Dave Broom 0-0: Ground out 5-3 (Groundball, 5, EV 108.1 MPH)
Bottom of the 14th over - 0 runs, 0 hits, 0 errors, 0 left on base; New Orleans 2 - Boston 2
TOP OF THE 15TH
New Orleans Voodoo batting - Pitching for Boston Patriots : RHP Aldo Ottens
Batting: LHB Alexis Raimbault 0-0: Ground out U3 (Groundball, 3, EV 87.5 MPH)
Batting: RHB Tae-cho Han 0-0: Ball
1-0: Foul Ball, location: 2F
1-1: Called Strike
1-2: Fly out, F7 (Flyball, 7S, EV 90.0 MPH)
Batting: LHB Jorge Alejándrez 0-0: Called Strike
0-1: Foul Ball, location: 2F
0-2: Ball
1-2: Ball
2-2: Strikes out looking
Top of the 15th over - 0 runs, 0 hits, 0 errors, 0 left on base; New Orleans 2 - Boston 2
BOTTOM OF THE 15TH
Boston Patriots batting - Pitching for New Orleans Voodoo : RHP Rémi Ribeiro
Batting: RHB Alfredo Araújo 0-0: Called Strike
0-1: Ball
1-1: Swinging Strike
1-2: Ground out 5-3 (Groundball, 5L, EV 79.4 MPH)
Batting: RHB Frank Ray 0-0: Ball
1-0: Called Strike
1-1: Called Strike
1-2: Ball
2-2: Foul Ball, location: 2F
2-2: Ball
3-2: Foul Ball, location: 2F
3-2: Fly out, F7 (Line Drive, 7D, EV 90.0 MPH)
Batting: RHB Ryoichi Yoshida 0-0: Swinging Strike
0-1: Fly out, F9 (Flyball, 89S, EV 89.4 MPH)
Bottom of the 15th over - 0 runs, 0 hits, 0 errors, 0 left on base; New Orleans 2 - Boston 2
TOP OF THE 16TH
New Orleans Voodoo batting - Pitching for Boston Patriots : RHP Aldo Ottens
Batting: RHB Colm Goodwill 0-0: Ball
1-0: Swinging Strike
1-1: Called Strike
1-2: Foul Ball, location: 2F
1-2: Ball
2-2: Ground out 4-3 (Groundball, 4, EV 86.9 MPH)
Pitching: RHP Kelemeneke Balun
Batting: RHB Griffin Woodfinlevine 0-0: Ball
1-0: Ground out 1-3 (Groundball, P, EV 65.0 MPH)
Batting: RHB Petri Kallio 0-0: Ball
1-0: TRIPLE (Line Drive, 89XD, EV 110.6 MPH)
Batting: LHB Ramón Garmendia 0-0: Ball
1-0: Ball
2-0: Ball
3-0: Called Strike
3-1: SINGLE (Groundball, 25, EV 73.8 MPH) (infield hit)
Petri Kallio scores
Batting: RHB Tim Burney 0-0: Ball
Ramón Garmendia steals 2nd base
1-0: Called Strike
1-1: Foul Ball, location: 2F
1-2: Ball
2-2: Foul Ball, location: 2F
2-2: SINGLE (Flyball, 78S, EV 85.6 MPH)
Ramón Garmendia to third
Runner from 3rd tries for Home, SAFE, throw by LF to home
Batting: RHB John Clark 0-0: Ball
1-0: SINGLE (Line Drive, 6D, EV 94.4 MPH)
Tim Burney to second
Batting: LHB Alexis Raimbault 0-0: Called Strike
0-1: Fielders Choice at 2nd, 5-4 (Groundball, 56, EV 85.0 MPH)
Top of the 16th over - 2 runs, 4 hits, 0 errors, 2 left on base; New Orleans 4 - Boston 2
BOTTOM OF THE 16TH
Boston Patriots batting - Pitching for New Orleans Voodoo : RHP Rémi Ribeiro
Batting: LHB Juan Alvarado 0-0: Fly out, F9 (Flyball, 9S, EV 87.5 MPH)
Batting: LHB Juan Macíel 0-0: Ball
1-0: SOLO HOME RUN (Line Drive, 9D, EV 96.9 MPH), Distance : 377 ft
Batting: SHB Jason Graham 0-0: Called Strike
0-1: Ball
1-1: Foul Ball, location: 2F
1-2: SINGLE (Groundball, 4MD, EV 102.5 MPH)
Batting: RHB Tyler Bowen 0-0: Called Strike
Jason Graham steals 2nd base
0-1: Ball
1-1: SINGLE (Line Drive, 34D, EV 95.6 MPH)
Jason Graham to third
Runner from 3rd tries for Home, SAFE, throw by RF to home
Batting: RHB Wilbur Davis 0-0: Called Strike
0-1: Ball
1-1: Foul Ball, location: 2F
1-2: Strikes out swinging
Batting: RHB Dave Broom 0-0: Ball
1-0: Called Strike
1-1: Called Strike
1-2: Strikes out looking
Bottom of the 16th over - 2 runs, 3 hits, 0 errors, 1 left on base; New Orleans 4 - Boston 4
TOP OF THE 17TH
New Orleans Voodoo batting - Pitching for Boston Patriots : RHP Kelemeneke Balun
Batting: RHB Tae-cho Han 0-0: Foul Ball, location: 2F
0-1: Called Strike
0-2: Strikes out swinging
Batting: LHB Jorge Alejándrez 0-0: Ball
1-0: Ground out 5-3 (Groundball, 6, EV 99.4 MPH)
Batting: RHB Colm Goodwill 0-0: Ground out 3-1 (Groundball, 34, EV 106.9 MPH)
Top of the 17th over - 0 runs, 0 hits, 0 errors, 0 left on base; New Orleans 4 - Boston 4
BOTTOM OF THE 17TH
Boston Patriots batting - Pitching for New Orleans Voodoo : RHP Rémi Ribeiro
Batting: RHB Alfredo Araújo 0-0: Called Strike
0-1: SINGLE (Line Drive, 89M, EV 110.6 MPH)
Batting: RHB Frank Ray 0-0: Called Strike
0-1: Called Strike
0-2: Ball
1-2: Strikes out swinging
Batting: RHB Ryoichi Yoshida 0-0: DOUBLE (Line Drive, 9LD, EV 105.6 MPH)
Alfredo Araújo to third
Runner from 3rd tries for Home, SAFE, throw by RF to home
Friday, April 17th, 2020 - OOTP Baseball 20.8 Build 74